 Dungeon Crawl Stone Soup version 0.22.1-2-g9c5b331 (webtiles) character file.

12654 toffzen the Zephyrmancer (level 11, -6/67 HPs)
             Began as a Tengu Air Elementalist on Jan 1, 2019.
             Was a Priest of Sif Muna.
             Mangled by Snorg (15 damage)
             ... on level 9 of the Dungeon.
             The game lasted 00:44:12 (18450 turns).

toffzen the Zephyrmancer (Tengu Air Elementalist)  Turns: 18450, Time: 00:44:14

Health: -6/67      AC:  5    Str:  8    XL:     11   Next: 96%
Magic:  22/22      EV: 13    Int: 25    God:    Sif Muna [***...]
Gold:   512        SH:  0    Dex: 15    Spells: 9/24 levels left

rFire    + + .     SeeInvis .   a - staff of energy
rCold    + + .     Gourm    .   (no shield)
rNeg     . . .     Faith    .   H - +2 robe {rC+ rF+}
rPois    .         Spirit   .   F - +1 hat {Int+3}
rElec    .         Reflect  .   l - scarf {rC+ rF+}
rCorr    .         Harm     .   (no gloves)
MR       +....                  (boots unavailable)
Stlth    ++........             (no amulet)
HPRegen  0.21/turn              b - +3 ring of intelligence
MPRegen  0.18/turn              D - ring of protection from magic

@: about to teleport, divine energy
A: beak, talons 3, able to fly 1
a: Fly, Stop Divine Energy, Channel Magic, Renounce Religion


You were on level 9 of the Dungeon.
You worshipped Sif Muna.
Sif Muna was most pleased with you.
You were hungry.

You visited 2 branches of the dungeon, and saw 11 of its levels.

You collected 512 gold pieces.

Inventory:

Hand Weapons
 e - a +0 spear
 w - a +1 dagger of protection
 A - a +0 falchion
 M - a +2 morningstar of venom
Missiles
 g - 371 stones (quivered)
Armour
 l - a scarf of resistance (worn)
 C - the +5 scale mail of Vuchurut {rF+ Regen+ Str+4 Int-5, unknown}
   (You found it on level 7 of the Dungeon)

   It affects your strength (+4).
   It affects your intelligence (-5).
   It protects you from fire.
   It increases your rate of regeneration.
 F - a +1 hat of intelligence (worn)
 H - a +2 robe of resistance (worn)
 N - a +2 robe
Magical Staves
 a - an uncursed staff of energy (weapon)
Jewellery
 b - a +3 ring of intelligence (left hand)
 h - an uncursed ring of magical power {unknown}
 D - a ring of protection from magic (right hand)
 G - an uncursed ring of positive energy
 J - an uncursed amulet of rage
Wands
 n - a wand of disintegration (13)
 y - a wand of flame (35)
 E - a wand of paralysis (8)
 I - a wand of acid (7)
Scrolls
 i - 2 scrolls of magic mapping {unknown}
 j - 2 scrolls of random uselessness {unknown}
 k - 2 scrolls of teleportation
 m - a scroll of immolation {unknown}
 o - 2 scrolls of enchant armour
 p - 2 scrolls of identify
 r - 5 scrolls of remove curse
 u - a scroll of fog {unknown}
 z - a scroll of enchant weapon
 L - a scroll of silence {unknown}
Potions
 d - a potion of mutation
 f - 3 potions of brilliance
 q - 2 potions of degeneration
 s - 3 potions of curing
 t - a potion of cancellation
 v - 3 potions of lignification
 x - 4 potions of berserk rage
 B - a potion of agility {unknown}
 K - a potion of ambrosia {unknown}
Comestibles
 c - 9 rations


   Skills:
 + Level 7.6 Fighting
 - Level 2.1 Dodging
 - Level 2.0 Stealth
 + Level 7.3 Spellcasting
 * Level 13.7 Conjurations
 * Level 14.1 Air Magic


You had 9 spell levels left.
You knew the following spells:

 Your Spells              Type           Power        Failure   Level  Hunger
a - Shock                 Conj/Air       ####         1%          1    None
b - Airstrike             Air            ######....   1%          4    None
c - Static Discharge      Conj/Air       ######..     1%          3    None
d - Lightning Bolt        Conj/Air       ######....   1%          5    None
e - Blink                 Tloc           N/A          10%         2    None

Your spell library contained the following spells:

 Spells                   Type           Power        Failure   Level  Hunger
 Magic Dart               Conj           ####         1%          1    None
 Swiftness                Chrm/Air       #####...     1%          2    None
 Conjure Flame            Conj/Fire      #####...     1%          3    None
 Mephitic Cloud           Conj/Pois/Air  ######..     1%          3    None
 Animate Skeleton         Necr           N/A          7%          1    None
 Confusing Touch          Hex            #.....       7%          1    None
 Pain                     Necr           #...         7%          1    None
 Call Imp                 Summ           #.......     10%         2    None
 Slow                     Hex            #.......     10%         2    None
 Confuse                  Hex            #.......     21%         3    None
 Gell's Gravitas          Tloc           #.........   21%         3    None
 Regeneration             Chrm/Necr      #.........   21%         3    None
 Vampiric Draining        Necr           #.........   21%         3    None
 Animate Dead             Necr           N/A          54%         4    None
 Petrify                  Tmut/Erth      #.......     54%         4    None
 Metabolic Englaciation   Hex/Ice        #.........   88%         5    None
 Yara's Violent Unravell  Hex/Tmut       #.........   88%         5    None


Dungeon Overview and Level Annotations

Branches:
Dungeon (10/15)            Temple (1/1) D:7
   Lair: D:8-11         Orc: D:9-12

Altars:
Ashenzari
Dithmenos
Elyvilon
Gozag
Hepliaklqana
Makhleb
Okawaru
Qazlal
Ru
Sif Muna
Trog
Wu Jian
Yredelemnul

Annotations:
D:5 2 runed doors, errolflynn's ghost, novice MiBe
D:7 1 runed door
D:9 exclusion: downstairs, Snorg


Innate Abilities, Weirdness & Mutations

You have a beak for a mouth.
You have claws for feet.
You can fly.


Message History

There is a stone staircase leading down here.
Okay, then.
Unknown command.
Evoke which item? (* to show all) (? for menu, Esc to quit)
Aiming: Paralyse
Press: ? - help, Shift-Dir - straight line, f - Snorg
Aim: Snorg (berserk, fast, unusually strong, chance to defeat MR: 15%)
Okay, then.
Unknown command.
Okay, then.
Okay, then.
Unknown command.
Unknown command.
As you read the scroll of teleportation, it crumbles to dust.
You feel strangely unstable.
You are feeling hungry.
Snorg closely misses you. Snorg claws you. x2; Snorg bites you!!
* * * LOW HITPOINT WARNING * * *
Snorg claws you!
You die...

##############
##################............#
...........[...T@'............#
#......####.######............#
#......####'## ###...########
#............# #.######
###..........# #(#....#
###..........# #.#.##.#
.####........#######....#.#
..###...###).........#..#.#
#...'...+.#.########.#..#'#######


You could see Snorg (berserk).

Vanquished Creatures
  Gastronok (D:8)
  Josephine (D:10)
  Erolcha (D:9)
  A two-headed ogre (D:8)
  Joseph (D:9)
  Maurice (D:9)
  A gargoyle (D:10)
  Psyche (D:9)
  A redback zombie (D:10)
  A troll (D:8)
  Prince Ribbit (D:9)
  A hornet (D:9)
  A hippogriff (D:8)
  A shadow (D:10)
  3 yaks
  5 wraiths
  2 steam dragons (D:8)
  3 hungry ghosts (D:10)
  5 orc warriors
  3 phantoms
  2 ice beasts
  3 sky beasts
  An eye of draining (D:8)
  2 black bears
  2 centaurs (D:9)
  3 ogres
  A big kobold (D:10)
  8 bullfrogs
  5 scorpions
  4 wights
  A howler monkey (D:6)
  A centaur zombie (D:5)
  4 crimson imps
  A quasit (D:9)
  4 bullfrog zombies
  2 hounds
  2 jellies (D:7)
  7 orc priests
  2 bullfrog skeletons (D:5)
  2 centaur skeletons (D:10)
  6 orc wizards
  4 iguanas
  Natasha (thrice) (D:4)
  9 worker ants
  A hound zombie (D:7)
  3 worker ant zombies
  7 adders
  A shadow imp (D:8)
  2 adder zombies
  2 worms
  A dart slug (D:1)
  4 leopard geckos
  54 orcs
  2 ball pythons
  8 giant cockroaches
  4 goblins
  9 hobgoblins
  6 jackals
  2 quokkas
  3 bats
  2 frilled lizards
  A jackal zombie (D:5)
  9 kobolds
  2 quokka skeletons
  A quokka zombie (D:10)
  8 rats
246 creatures vanquished.

Notes
Turn   | Place    | Note
-------+----------+-------------------------------------------
     0 | D:1      | toffzen the Tengu Air Elementalist began the quest for the
                  | Orb.
     0 | D:1      | Reached XP level 1. HP: 10/10 MP: 4/4
   242 | D:1      | Reached XP level 2. HP: 16/16 MP: 3/6
   981 | D:1      | Reached XP level 3. HP: 20/20 MP: 5/7
  1189 | D:2      | Reached skill level 1 in Fighting
  1999 | D:2      | Found a white marble altar of Elyvilon.
  2089 | D:2      | Reached XP level 4. HP: 25/25 MP: 6/8
  2352 | D:3      | Learned a level 4 spell: Airstrike
  2927 | D:4      | Noticed an ogre
  2934 | D:3      | Reached skill level 5 in Air Magic
  3102 | D:4      | Noticed an ogre
  3191 | D:4      | Learned a level 3 spell: Static Discharge
  3281 | D:4      | Gained mutation: You can fly. [Tengu growth]
  3281 | D:4      | Reached XP level 5. HP: 30/30 MP: 5/9
  3798 | D:4      | Noticed Natasha
  3810 | D:4      | Killed an ogre
  3810 | D:4      | Reached skill level 6 in Air Magic
  3810 | D:4      | Reached XP level 6. HP: 27/35 MP: 0/11
  3817 | D:4      | Killed Natasha
  4290 | D:4      | Reached skill level 5 in Conjurations
  4682 | D:4      | Reached XP level 7. HP: 24/40 MP: 7/12
  4833 | D:4      | Noticed Natasha
  4838 | D:4      | Killed Natasha
  5251 | D:4      | Noticed Natasha
  5257 | D:4      | Killed Natasha
  5661 | D:5      | Entered Level 5 of the Dungeon
  5661 | D:5      | Found a shadowy altar of Dithmenos.
  5992 | D:5      | Reached skill level 7 in Air Magic
  6034 | D:5      | Found a runed door.
  6051 | D:5      | Noticed errolflynn's ghost (novice MiBe)
  6626 | D:5      | Found a runed door.
  6971 | D:6      | Reached XP level 8. HP: 40/46 MP: 10/14
  7285 | D:6      | Reached skill level 8 in Air Magic
  7444 | D:6      | Learned a level 5 spell: Lightning Bolt
  8681 | D:7      | Found a runed door.
  8687 | D:7      | Reached skill level 9 in Air Magic
  8763 | D:7      | Noticed a sixfirhy
  8783 | D:7      | Got a polished scale mail
  9204 | D:7      | Reached XP level 9. HP: 44/52 MP: 9/16
  9680 | D:7      | Found a shattered altar of Ashenzari.
  9813 | D:7      | Found a staircase to the Ecumenical Temple.
  9962 | D:7      | Found an iron altar of Okawaru.
 10071 | D:7      | Found an ornate altar of the Wu Jian Council.
 10333 | D:8      | Found an opulent altar of Gozag.
 10615 | D:8      | Noticed a two-headed ogre
 10636 | D:8      | Killed a two-headed ogre
 10636 | D:8      | Reached skill level 5 in Fighting
 10636 | D:8      | Reached skill level 5 in Spellcasting
 10636 | D:8      | Reached skill level 10 in Air Magic
 10921 | D:8      | Reached skill level 10 in Conjurations
 11152 | D:8      | Reached skill level 11 in Air Magic
 11152 | D:8      | Reached XP level 10. HP: 59/59 MP: 4/19
 11732 | Temple   | Entered the Ecumenical Temple
 11753 | Temple   | Became a worshipper of Sif Muna the Loreminder
 11784 | D:8      | Noticed Gastronok
 12368 | D:9      | Noticed Psyche
 12371 | D:9      | Killed Psyche
 12468 | D:9      | Noticed Erolcha
 13197 | D:8      | Killed Gastronok
 13197 | D:8      | Reached * piety under Sif Muna
 13197 | D:8      | Reached skill level 12 in Air Magic
 13404 | D:9      | Noticed Maurice
 13417 | D:9      | Killed Maurice
 13813 | D:8      | Reached XP level 11. HP: 55/66 MP: 1/21
 14003 | D:9      | Reached ** piety under Sif Muna
 14877 | D:9      | Killed Erolcha
 14877 | D:9      | Reached skill level 13 in Air Magic
 15095 | D:9      | Noticed Prince Ribbit
 15369 | D:9      | Noticed Joseph
 15393 | D:9      | Killed Joseph
 15841 | D:9      | Killed Prince Ribbit
 16108 | D:9      | Learned a level 2 spell: Blink
 16111 | D:10     | Entered Level 10 of the Dungeon
 16111 | D:10     | Noticed Josephine
 16115 | D:10     | Killed Josephine
 16545 | D:10     | Noticed Snorg
 16682 | D:10     | Reached *** piety under Sif Muna
 18058 | D:10     | Reached skill level 14 in Air Magic
 18450 | D:9      | Mangled by Snorg

Skill      XL: |  1  2  3  4  5  6  7  8  9 10 11 |
---------------+----------------------------------+-----
Conjurations   | 2 3 4 5 6 8 10 12 13 | 13.7
Fighting       | 1 2 3 4 5 6 7 |  7.6
Air Magic      | 5 6 7 9 11 12 14 | 14.1
Spellcasting   | 3 4 5 6 7 |  7.3
Dodging        | |  2.1
Stealth        | |  2.0

Action                   |  1- 3 |  4- 6 |  7- 9 | 10-12 || total
-------------------------+-------+-------+-------+-------++-------
Melee: Spear             |     2 |     5 |       |       ||     7
       Kick              |       |     1 |     3 |       ||     4
       Peck              |       |       |     2 |       ||     2
       Falchion          |       |       |     1 |       ||     1
       Staff             |       |       |       |     4 ||     4
 Cast: Shock             |    79 |    84 |   224 |    72 ||   459
       Airstrike         |       |       |    42 |    90 ||   132
       Lightning Bolt    |       |       |       |   105 ||   105
       Static Discharge  |       |       |       |     3 ||     3
Invok: Divine Energy     |       |       |       |     1 ||     1
 Abil: Fly               |       |     2 |     1 |     1 ||     4
Evoke: Wand              |       |       |    12 |     7 ||    19
  Use: Scroll            |       |     3 |    10 |     9 ||    22
       Potion            |       |     1 |     1 |     1 ||     3
  Eat: Chunk             |     4 |     9 |    11 |    12 ||    36
       Ration            |       |       |     3 |     3 ||     6
Armor: Robe              |     2 |       |       |    10 ||    12
       Leather armour    |     3 |     1 |     5 |     8 ||    17
Dodge: Dodged            |    13 |    12 |    34 |    65 ||   124
       Rpst.: Falchion   |       |       |     6 |       ||     6
